 Dungeon Crawl Stone Soup version 0.20-a0-709-gd40821f (webtiles) character file.

92641 azzavlup the Brawler (level 15, -2/132 HPs)
             Began as a Red Draconian Transmuter on Feb 21, 2017.
             Was the Champion of Makhleb.
             Slain by an enormous slime creature (41 damage)
             ... on level 14 of the Dungeon.
             The game lasted 01:06:22 (30851 turns).

azzavlup the Brawler (Red Draconian Transmuter)    Turns: 30851, Time: 01:06:23

Health: -2/132     AC: 14    Str: 19    XL:     15   Next: 58%
Magic:  24/24      EV: 23    Int: 19    God:    Makhleb [******]
Gold:   1529       SH:  0    Dex: 11    Spells: 9/26 levels left

rFire    + . .     SeeInvis .     - Unarmed
rCold    . . .     Gourm    +   (armour unavailable)
rNeg     . . .     Faith    .   (no shield)
rPois    .         Spirit   .   W - +1 hat
rElec    .         Reflect  .   b - +0 cloak
rCorr    .         Harm     .   t - +0 pair of gloves
MR       +....                  i - +1 pair of boots
Stlth    +++.......             y - amulet of the gourmand
Regen    0.4/turn               l - +6 ring of evasion
MPRegen  0.2/turn               f - +5 ring of strength

@: short of breath
A: breathe fire, unfitting armour, fire resistance 1, cold-blooded, AC +9
a: Breathe Fire, Minor Destruction, Lesser Servant of Makhleb, Major
Destruction, Greater Servant of Makhleb, Renounce Religion


You were on level 14 of the Dungeon.
You worshipped Makhleb.
Makhleb was exalted by your worship.
You were very full.

You visited 3 branches of the dungeon, and saw 21 of its levels.
You also visited: Ice Cave.

You collected 1529 gold pieces.

Inventory:

Missiles
 a - 489 arrows (quivered)
Armour
 b - a +0 cloak (worn)
 i - a +1 pair of boots (worn)
 t - a +0 pair of gloves (worn)
 W - a +1 hat (worn)
Jewellery
 f - a +5 ring of strength (left hand)
 l - a +6 ring of evasion (right hand)
 y - an amulet of the gourmand (around neck)
 H - an uncursed ring of poison resistance
Wands
 m - a wand of clouds (5/9)
 F - a wand of lightning (4/15)
 G - a wand of lightning (8/15)
 T - a wand of acid (9/15)
 U - a wand of disintegration (1/24)
Scrolls
 j - 9 scrolls of remove curse
 k - 4 scrolls of blinking
 n - 11 scrolls of teleportation
 p - a scroll of fear
 q - 4 scrolls of amnesia
 r - 12 scrolls of identify
 v - a scroll of fog
 A - 3 scrolls of immolation
 D - a scroll of enchant armour
 K - 2 scrolls of recharging {unknown}
Potions
 d - 5 potions of might
 e - 3 potions of magic
 h - 6 potions of curing
 o - 2 potions of agility {unknown}
 s - 3 potions of invisibility
 u - a potion of berserk rage {unknown}
 w - 9 potions of mutation
 z - 3 potions of heal wounds
 B - 3 potions of brilliance
 E - 3 potions of haste
 M - a potion of ambrosia {unknown}
 R - 2 potions of lignification {unknown}
 V - 4 potions of flight {unknown}
 Z - a potion of cancellation {unknown}
Books
 C - a book of Maledictions

   Spells                             Type                      Level
   a - Corona                         Hexes                        1
   b - Ensorcelled Hibernation        Hexes/Ice                    2
   c - Confuse                        Hexes                        3
   d - Tukima's Dance                 Hexes                        3
   e - Dazzling Spray                 Conjuration/Hexes            3
 J - a book of Transfigurations

   Spells                             Type                      Level
   a - Irradiate                      Conjuration/Transmutation    5
   b - Statue Form                    Transmutation/Earth          6
   c - Hydra Form                     Transmutation                6
   d - Dragon Form                    Transmutation                7
 Y - a book of Minor Magic

   Spells                             Type                      Level
   a - Magic Dart                     Conjuration                  1
   b - Blink                          Translocation                2
   c - Call Imp                       Summoning                    2
   d - Slow                           Hexes                        2
   e - Conjure Flame                  Conjuration/Fire             3
   f - Mephitic Cloud                 Conjuration/Poison/Air       3
Comestibles
 c - 10 bread rations
 g - 10 meat rations
 x - 6 chunks of flesh
 Q - 6 royal jellies
 S - 24 fruits


   Skills:
 - Level 12.0 Fighting
 - Level 10.0 Dodging
 - Level 5.0 Stealth
 - Level 15.1 Unarmed Combat
 - Level 6.0 Spellcasting
 - Level 3.0 Conjurations
 - Level 12.0 Transmutations
 - Level 3.0 Air Magic
 - Level 3.0 Poison Magic
 + Level 11.3 Invocations


You had 9 spell levels left.
You knew the following spells:

 Your Spells              Type           Power        Failure   Level  Hunger
a - Beastly Appendage     Tmut           ######       1%          1    None
b - Sticks to Snakes      Tmut           ######..     1%          2    None
c - Swiftness             Chrm/Air       ##......     10%         2    None
d - Blade Hands           Tmut           ######....   1%          5    #####..
e - Ice Form              Ice/Tmut       ####....     12%         4    ####...
f - Mephitic Cloud        Conj/Pois/Air  ###.....     12%         3    ##.....


Dungeon Overview and Level Annotations

Branches:
Dungeon (14/15)            Temple (1/1) D:5            Lair (6/6) D:9
 Shoals (0/4) Lair:2        Snake (0/4) Lair:3        Slime (0/5) Lair:5
    Orc (0/2) D:10
 Vaults: D:13-14

Altars:
Ashenzari
Cheibriados
Dithmenos
Elyvilon
Fedhas
Gozag
Hepliaklqana Ieoh Jian
Kikubaaqudgha
Makhleb
Nemelex Xobeh
Okawaru
Qazlal
Ru
Sif Muna
Trog
Uskayaw
Vehumet
Xom
Yredelemnul
Zin
The Shining One
Jiyva


Innate Abilities, Weirdness & Mutations

You can breathe blasts of fire.
Your fiery red scales are hard. (AC +9)
You cannot fit into any form of body armour.
Your flesh is heat resistant. (rF+)
You are cold-blooded and may be slowed by cold attacks.


Message History

The enormous slime creature closely misses you.
You slice the enormous slime creature!!
The enormous slime creature is almost dead.
The enormous slime creature is engulfed in blazing flames.
The enormous slime creature hits you!!!
* * * LOW HITPOINT WARNING * * *
The enormous slime creature is engulfed in blazing flames.
Your hands revert to their normal proportions.
Your +0 pair of gloves unmelds from your body.
There is an open door here.
You have got your breath back.
Press: ? - help, Shift-Dir - straight line, f/p - enormous slime creature
Aim: an enormous slime creature (severely wounded)
You breathe a blast of fire!
The fiery breath hits the enormous slime creature.
The enormous slime creature is almost dead.
You feel somewhat less full.
The enormous slime creature is engulfed in blazing flames.
The enormous slime creature hits you!!!
You die...

##...## #.......#
##..### ###..##
######'## ##.##
##..# ###....# #..#
#######'##
#.+....##### ##.#
.........#
#.#)...'...## ##+###
.........#
#.#....###..# #....#
.........# #.#....#
##.####....'
.........# ##......#
#....'....#
.........###...J@..#
######....#
.........+...#.....#
#....#
..................>#
#....#
###############....#
###### ######


You could see an enormous slime creature.

Vanquished Creatures
  A frost giant (IceCv)
  Snorg (Lair:3)
  13 hydras
  The ghost of JNO the Fighter, a novice OgMo of Qazlal (D:8)
  A catoblepas (Lair:6)
  A centaur warrior (D:14)
  19 death yaks
  8 two-headed ogres
  A tengu warrior (D:14)
  A deep troll shaman (Lair:6)
  Sonja (Lair:3)
  5 slime creatures
  A lindwurm (Lair:6)
  2 ugly things
  4 oklob plants (Lair:5)
  2 manticores
  2 cyclopes (D:13)
  16 elephants
  6 black mambas
  2 ice statues (IceCv)
  2 centaur zombies
  3 gargoyles
  A torpor snail (Lair:6)
  17 spiny frogs
  A tengu conjurer (D:14)
  4 rime drakes
  8 komodo dragons
  A wind drake (Lair:2)
  7 trolls
  17 polar bears
  A hornet (shapeshifter) (D:13)
  5 blink frogs
  A snapping turtle (Lair:2)
  4 hippogriffs
  Sigmund (D:3)
  5 wyverns
  A vampire (D:14)
  A spriggan (D:13)
  2 wraiths (D:13)
  2 basilisks
  76 yaks
  A steam dragon (Lair:3)
  Grum (D:9)
  2 hungry ghosts
  4 vampire mosquitoes (D:13)
  Menkaure (D:7)
  3 nagas (Lair:3)
  Duvessa (D:4)
  15 water moccasins
  12 porcupines
  3 acid dragons
  9 orc warriors
  7 ice beasts
  An eye of draining (D:12)
  2 necrophages
  6 ogres
  7 sky beasts
  2 black bears
  2 phantoms
  31 wolves
  13 centaurs
  12 crocodiles
  6 big kobolds
  27 bullfrogs
  9 gnoll sergeants
  A water moccasin zombie (D:11)
  Dowan (D:4)
  3 scorpions
  A wyvern skeleton (D:7)
  9 killer bees
  7 wights
  A bullfrog zombie (D:6)
  2 electric eels
  6 howler monkeys
  5 crimson imps
  2 quasits
  5 hounds
  7 jellies
  6 orc priests
  4 centaur skeletons
  2 bullfrog skeletons
  3 iguanas
  Terence (D:2)
  8 worker ants
  Natasha (thrice) (D:4)
  15 orc wizards
  A hound zombie (D:9)
  2 hound skeletons (D:4)
  Robin (D:2)
  A howler monkey zombie (D:6)
  27 gnolls
  10 adders
  2 shadow imps (D:11)
  An adder zombie (D:7)
  3 worms
  A dart slug (D:1)
  4 leopard geckos
  56 orcs
  2 ball pythons
  7 giant cockroaches
  15 goblins
  14 hobgoblins
  18 jackals
  6 quokkas
  6 bats
  7 frilled lizards
  A jackal zombie (D:8)
  29 kobolds
  2 quokka skeletons
  7 rats
740 creatures vanquished.

Vanquished Creatures (collateral kills)
  An ogre (D:9)
  2 orc wizards (D:4)
  A butterfly (Lair:2)
  A fungus (Lair:6)
5 creatures vanquished.

Vanquished Creatures (others)
  18 fungi
  12 plants
30 creatures vanquished.

Grand Total: 775 creatures vanquished

Notes
Turn   | Place    | Note
-------+----------+-------------------------------------------
     0 | D:1      | azzavlup the Draconian Transmuter began the quest for the Orb.
     0 | D:1      | Reached XP level 1. HP: 16/16 MP: 3/3
   125 | D:1      | Reached XP level 2. HP: 16/23 MP: 3/5
   582 | D:1      | Learned a level 2 spell: Sticks to Snakes
  1025 | D:1      | Reached XP level 3. HP: 27/28 MP: 6/6
  1825 | D:2      | Noticed Robin
  1844 | D:2      | Killed Robin
  1848 | D:2      | Reached XP level 4. HP: 35/35 MP: 7/7
  1957 | D:2      | Found a stormy altar of Qazlal.
  2123 | D:2      | Noticed Terence
  2137 | D:2      | Killed Terence
  2207 | D:2      | Noticed Natasha
  2512 | D:2      | Found a glowing golden altar of the Shining One.
  2566 | D:2      | Reached XP level 5. HP: 15/40 MP: 8/8
  3264 | D:3      | Learned a level 3 spell: Spider Form
  3347 | D:3      | Reached skill level 4 in Unarmed Combat
  3356 | D:3      | Reached skill level 5 in Transmutations
  3541 | D:3      | Found a white marble altar of Elyvilon.
  3855 | D:3      | Noticed Sigmund
  3867 | D:3      | Killed Sigmund
  3867 | D:3      | Reached XP level 6. HP: 47/47 MP: 6/9
  4460 | D:4      | Noticed Duvessa
  4460 | D:4      | Noticed Dowan
  4686 | D:4      | Killed Natasha
  4775 | D:4      | Noticed Natasha
  4787 | D:4      | Killed Natasha
  4794 | D:4      | Noticed Natasha
  4799 | D:4      | Killed Natasha
  4938 | D:4      | Found a radiant altar of Vehumet.
  5034 | D:4      | Your scales start taking on a fiery red colour.
  5034 | D:4      | Reached XP level 7. HP: 19/52 MP: 6/10
  5034 | D:4      | Gained mutation: Your flesh is heat resistant. (rF+) [Red Draconian growth]
  5252 | D:4      | Reached skill level 5 in Unarmed Combat
  5402 | D:4      | Killed Duvessa
  5438 | D:4      | Killed Dowan
  5977 | D:5      | Entered Level 5 of the Dungeon
  6072 | D:5      | Found a staircase to the Ecumenical Temple.
  6166 | D:5      | Reached XP level 8. HP: 57/59 MP: 11/11
  6173 | D:5      | Learned a level 5 spell: Blade Hands
  6373 | D:5      | Reached skill level 6 in Unarmed Combat
  7292 | Temple   | Entered the Ecumenical Temple
  7403 | Temple   | Became a worshipper of Makhleb the Destroyer
  7745 | D:6      | Reached skill level 7 in Unarmed Combat
  7759 | D:6      | Reached skill level 10 in Transmutations
  7827 | D:6      | Reached XP level 9. HP: 54/64 MP: 10/12
  8338 | D:6      | Reached * piety under Makhleb
  9234 | D:7      | Noticed Menkaure
  9588 | D:7      | Killed Menkaure
 10238 | D:7      | Found an iron altar of Okawaru.
 10328 | D:8      | Noticed a gargoyle
 10338 | D:8      | Killed a gargoyle
 10533 | D:8      | Reached ** piety under Makhleb
 10755 | D:8      | Reached XP level 10. HP: 80/80 MP: 13/13
 10829 | D:8      | Noticed a two-headed ogre
 10840 | D:8      | Killed a two-headed ogre
 10840 | D:8      | Reached skill level 5 in Fighting
 10840 | D:8      | Reached skill level 5 in Dodging
 10875 | D:8      | Found a hide-covered altar of Uskayaw.
 11301 | D:8      | Noticed JNO's ghost (novice OgMo)
 11313 | D:8      | Killed JNO's ghost
 11525 | D:8      | Noticed a red ugly thing
 11562 | D:8      | Killed a red ugly thing
 11967 | D:9      | Noticed Grum
 12220 | D:9      | Killed Grum
 12473 | D:9      | Reached *** piety under Makhleb
 12537 | D:9      | Reached XP level 11. HP: 95/95 MP: 8/14
 12552 | D:9      | Noticed a two-headed ogre
 12559 | D:9      | Killed a two-headed ogre
 12600 | D:9      | Noticed a two-headed ogre
 12607 | D:9      | Killed a two-headed ogre
 13120 | D:9      | Found a staircase to the Lair.
 13351 | D:9      | Found a hazy altar of Hepliaklqana.
 13358 | D:9      | Found an opulent altar of Gozag.
 13365 | D:9      | Found an ornate altar of the Ieoh Jian Council.
 13372 | D:9      | Found a deep blue altar of Sif Muna.
 13377 | D:9      | Found an ancient bone altar of Kikubaaqudgha.
 13388 | D:9      | Found a shattered altar of Ashenzari.
 13399 | D:9      | Found a shadowy altar of Dithmenos.
 13489 | Lair:1   | Entered Level 1 of the Lair of Beasts
 13491 | Lair:1   | Noticed a seven-headed hydra
 13498 | Lair:1   | Killed a seven-headed hydra
 13498 | Lair:1   | Reached skill level 10 in Fighting
 13806 | D:9      | Noticed a two-headed ogre
 13819 | D:9      | Killed a two-headed ogre
 14998 | Lair:2   | Reached skill level 5 in Stealth
 15084 | Lair:2   | Reached skill level 8 in Unarmed Combat
 15086 | Lair:2   | Reached **** piety under Makhleb
 15256 | Lair:2   | Noticed a death yak
 15256 | Lair:2   | Noticed a death yak
 15296 | Lair:2   | Killed a death yak
 15540 | Lair:2   | Noticed an eight-headed hydra
 15543 | Lair:2   | Noticed a five-headed hydra
 15563 | Lair:2   | Killed a five-headed hydra
 15563 | Lair:2   | Reached XP level 12. HP: 104/107 MP: 8/15
 15569 | Lair:2   | Learned a level 4 spell: Ice Form
 15739 | Lair:2   | Killed an eight-headed hydra
 15739 | Lair:2   | Reached skill level 9 in Unarmed Combat
 15984 | Lair:2   | Noticed a death yak
 16026 | Lair:2   | Killed a death yak
 16037 | Lair:2   | Killed a death yak
 16339 | Lair:2   | Found a staircase to the Shoals.
 16398 | Lair:2   | Noticed a seven-headed hydra
 16704 | Lair:2   | Killed a seven-headed hydra
 16704 | Lair:2   | Reached skill level 10 in Unarmed Combat
 16909 | Lair:3   | Noticed an eight-headed hydra
 16920 | Lair:3   | Killed a nine-headed hydra
 17061 | Lair:3   | Reached skill level 1 in Invocations
 17248 | Lair:3   | Noticed Sonja
 17368 | Lair:3   | Found a staircase to the Snake Pit.
 17379 | Lair:3   | Killed Sonja
 17551 | Lair:3   | Reached skill level 5 in Invocations
 17729 | Lair:3   | Noticed Snorg
 17739 | Lair:3   | Killed Snorg
 18905 | Lair:4   | Reached XP level 13. HP: 113/114 MP: 12/19
 20020 | Lair:5   | Reached skill level 10 in Invocations
 20192 | Lair:5   | Reached skill level 11 in Unarmed Combat
 20295 | Lair:5   | Found a viscous altar of Jiyva.
 20555 | Lair:5   | Reached ***** piety under Makhleb
 20935 | Lair:5   | Reached skill level 12 in Unarmed Combat
 21171 | Lair:5   | Found a staircase to the Slime Pits.
 22362 | Lair:5   | Learned a level 2 spell: Swiftness
 22392 | Lair:6   | Entered Level 6 of the Lair of Beasts
 22537 | Lair:6   | Reached XP level 14. HP: 125/125 MP: 15/21
 22806 | Lair:6   | Reached skill level 5 in Spellcasting
 23243 | Lair:6   | Learned a level 3 spell: Mephitic Cloud
 23533 | Lair:6   | Reached skill level 1 in Poison Magic
 23593 | Lair:6   | Reached skill level 1 in Conjurations
 23593 | Lair:6   | Reached skill level 1 in Air Magic
 23652 | Lair:6   | Found a white marble altar of Elyvilon.
 24644 | Lair:6   | Reached skill level 13 in Unarmed Combat
 25314 | D:10     | Entered Level 10 of the Dungeon
 25464 | D:10     | Reached skill level 14 in Unarmed Combat
 25546 | D:10     | Found a staircase to the Orcish Mines.
 25626 | D:10     | Reached ****** piety under Makhleb
 26280 | D:11     | Found a frozen archway.
 26284 | IceCv    | Entered an ice cave
 26559 | IceCv    | Reached XP level 15. HP: 132/132 MP: 18/24
 26733 | IceCv    | Noticed a frost giant
 26851 | IceCv    | Killed a frost giant
 26851 | IceCv    | Reached skill level 15 in Unarmed Combat
 29882 | D:13     | Reached skill level 10 in Dodging
 30013 | D:13     | Found a viscous altar of Jiyva.
 30851 | D:14     | Slain by an enormous slime creature

Vault maps used:
D:1:      evilmike_arrival_run_for_it
D:2:      lemuel_upstairs_altar, grunt_qazlal_sundering,
          nicolae_tso_swordbearing_angel, first_bread, st_stairs_9, uniq_robin,
          uniq_terence, uniq_natasha
D:3:      marbit_many_paths, due_unseen_surprise, uniq_sigmund
D:4:      serial_park_tiny_1, vehumet_altar_wand_db, uniq_duvessa
D:5:      minmay_temple_entry_glassed_door
D:7:      okawaru_altar_gauntlet_db, uniq_menkaure
D:8:      lemuel_round_altar
D:9:      grunt_temple_overflow_octagram, grunt_lair_entry_orc_guard_hut,
          uniq_grum
D:10:     kennysheep_orc_monster_closet_entryway
D:11:     portal_ice_cave_entry_pillars_1
D:13:     the_bakery, minmay_misc_feat_x, jiyva_altar_1
D:14:     david_vaults_1, infiniplex_staircase_pool_1
Temple:   zaba_magenta_temple
Lair:1:   grunt_megastairs_5, serial_bayou_shore_a, serial_bayou_shore_b
Lair:2:   minmay_shoals_entry_hut, lemuel_fruit_fields
Lair:3:   guppyfry_snake_entry_island, uniq_snorg, uniq_sonja
Lair:4:   grunt_megastairs_2, lemuel_fruit_fields
Lair:5:   slime_altar_1, minmay_lair_oklob_chamber, grunt_megastairs_4,
          lemuel_fruit_fields
Lair:6:   grunt_lair_end_beastmaster, basic_altar
IceCv:    ice_cave_small_giant

Skill      XL: |  1  2  3  4  5  6  7  8  9 10 11 12 13 14 15 |
---------------+----------------------------------------------+-----
Transmutations | 3 4 5 6 8 10 11 12 | 12.0
Unarmed Combat | 4 5 7 8 10 12 14 15 | 15.1
Dodging        | 4 7 8 10 | 10.0
Fighting       | 4 8 10 11 12 | 12.0
Stealth        | 5 |  5.0
Invocations    | 8 10 11 | 11.3
Spellcasting   | 3 6 |  6.0
Poison Magic   | 3 |  3.0
Conjurations   | 3 |  3.0
Air Magic      | 3 |  3.0

Action                   |  1- 3 |  4- 6 |  7- 9 | 10-12 | 13-15 || total
-------------------------+-------+-------+-------+-------+-------++-------
Melee: Unarmed           |   226 |   283 |   470 |   470 |  1202 ||  2651
       Tailslap          |    18 |    31 |    60 |    47 |   154 ||   310
       Kick              |     2 |     2 |    18 |       |       ||    22
       Punch             |     3 |     9 |     6 |    15 |    67 ||   100
       Headbutt          |     1 |       |    18 |     3 |     5 ||    27
 Cast: Beastly Appendage |     2 |     2 |    18 |     7 |     6 ||    35
       Sticks to Snakes  |       |     6 |     1 |    23 |    14 ||    44
       Blade Hands       |       |       |     4 |    39 |    80 ||   123
Invok: Minor Destruction |       |       |       |       |    18 ||    18
       Major Destruction |       |       |       |       |     3 ||     3
       Lesser Servant of |       |       |       |       |     2 ||     2
 Abil: Breathe Fire      |       |       |    36 |    48 |    36 ||   120
  Use: Scroll            |     2 |       |    13 |     9 |     2 ||    26
       Potion            |       |     1 |       |       |       ||     1
 Stab: Sleeping          |     1 |     1 |     1 |     5 |     9 ||    17
       Distracted        |       |       |       |     1 |     4 ||     5
  Eat: Chunk             |     3 |    11 |    45 |    50 |    78 ||   187
Armor: Skin              |    79 |    56 |   103 |    88 |   212 ||   538
Dodge: Dodged            |   156 |   278 |   410 |   525 |  1132 ||  2501
